Map: Abyssal Reef LE

Players

SortOf - Winner!

  • Race: Zerg Zerg
  • Spawn Location: 11:00

Optimus

  • Race: Terran Terran
  • Spawn Location: 5:00

Event: IEM XI Katowice - World Championship 2017

VOD

Have the link to the VOD?

Description

Time

  • Played on: Feb. 27, 2017, 9:47 a.m.
  • Length: 13:03

All games in this series

Show
View Real Time Build Order
Export as new Build Order

SortOf Zerg - Winner!

Build Orders: Pool First, Muta Ling Bane 

Get SALT Encoding   

  12  0:01  Drone  
  13  0:12  Overlord  
  13  0:18  Drone  
  14  0:31  Drone x2  
  16  0:35  Drone  
  17  0:45  Spawning Pool  
  17  0:50  Drone  
  17  0:56  Drone  
  18  1:10  Extractor  
  17  1:14  Hatchery  
  16  1:19  Drone  
  17  1:31  Zergling x4  
  19  1:36  Queen  
  21  1:40  Overlord  
  21  1:50  Drone  
  22  2:01  Drone  
  23  2:11  Queen, Drone  
  26  2:21  Overlord  
  25  2:32  Drone  
  25  2:39  Drone  
  25  2:41  Metabolic Boost  
  26  2:45  Drone x2  
  28  2:51  Hatchery  
  28  2:53  Drone x2  
  28  2:56  Drone  
  30  3:01  Overlord  
  30  3:05  Zergling x2  
  30  3:06  Zergling x2  
  32  3:14  Drone  
  32  3:15  Drone  
  32  3:17  Overlord  
  34  3:21  Drone x2  
  34  3:24  Drone  
  34  3:25  Drone  
  38  3:28  Drone  
  39  3:35  Queen  
  39  3:39  Drone x2  
  43  3:43  Drone  
  43  3:44  Queen  
  43  3:48  Overlord  
  46  3:51  Zergling x4  
  46  3:53  Zergling x2  
  49  4:03  Zergling x6  
  49  4:08  Queen  
  54  4:10  Queen, Drone  
  54  4:11  Drone  
  58  4:19  Drone x3  
  58  4:23  Lair  
  60  4:26  Drone x2  
  60  4:30  Drone  
  63  4:33  Zergling x6  
  66  4:40  Spore Crawler x2  
  66  4:41  Spore Crawler  
  63  4:46  Zergling x4  
  63  4:51  Overlord  
  65  5:01  Queen  
  65  5:02  Zergling x2  
  65  5:10  Queen  
  65  5:11  Zergling x2  
  65  5:12  Zergling x14  
  66  5:18  Zergling x8  
  63  5:22  Overseer  
  60  5:29  Drone x4  
  60  5:31  Drone  
  60  5:33  Drone  
  60  5:35  Drone  
  62  5:37  Queen  
  62  5:40  Drone x3  
  63  5:43  Drone  
  63  5:46  Drone  
  63  5:47  Drone  
  66  5:54  Evolution Chamber, Drone  
  66  5:55  Evolution Chamber  
  65  5:59  Queen  
  65  6:07  Drone x2  
  65  6:08  Drone x2  
  65  6:09  Drone  
  65  6:10  Drone  
  65  6:11  Overseer, Drone x3  
  74  6:15  Extractor  
  73  6:21  Extractor, Zerg Ground Armor Level 1  
  73  6:22  Baneling Nest, Overlord, Drone x2  
  73  6:26  Drone  
  73  6:29  Overlord  
  73  6:30  Overlord  
  74  6:33  Extractor x2  
  74  6:35  Drone x2  
  74  6:43  Overlord  
  74  6:45  Drone x3  
  74  6:46  Drone  
  78  6:48  Overlord x2  
  78  6:51  Zerg Melee Weapons Level 1, Extractor  
  78  6:53  Drone  
  78  6:59  Overlord  
  78  7:02  Hatchery, Drone x5  
  78  7:03  Drone  
  78  7:08  Zergling x2  
  84  7:12  Centrifical Hooks  
  84  7:14  Zergling x2, Baneling x2  
  84  7:15  Zergling x6  
  88  7:21  Overlord  
  88  7:23  Drone  
  88  7:26  Drone  
  88  7:28  Zergling x2  
  88  7:29  Zergling x6  
  94  7:30  Spire  
  94  7:33  Drone  
  94  7:35  Baneling x4  
  94  7:36  Baneling  
  94  7:39  Zergling x6  
  90  7:52  Zergling x2  
  90  7:53  Zergling x14  
  98  8:02  Hatchery  
  98  8:03  Zergling x14  
  104  8:07  Baneling x9  
  104  8:14  Drone x4  
  105  8:29  Drone x3  
  105  8:33  Zergling x8  
  105  8:34  Zergling x10  
  117  8:35  Pneumatized Carapace  
  117  8:37  Zerg Ground Armor Level 2  
  117  8:41  Zergling x2  
  117  8:42  Zergling x6  
  117  8:46  Zerg Melee Weapons Level 2  
  117  8:48  Zerg Flyer Weapons Level 1  
  121  8:49  Mutalisk x2, Overlord  
  123  9:04  Mutalisk x4  
  131  9:11  Queen  
  130  9:23  Mutalisk x3  
  136  9:24  Overlord x2  
  136  9:28  Zergling x24  
  148  9:36  Mutalisk x2  
  150  9:42  Zergling x14  
  157  9:47  Queen, Overlord x2  
  155  9:54  Overseer  
  155  9:56  Mutalisk x2  
  155  9:59  Zergling x14, Hatchery  
  170  10:00  Zergling x10  
  170  10:11  Overlord  
  170  10:12  Queen  
  170  10:14  Mutalisk x3  
  171  10:16  Baneling x3  
  172  10:25  Baneling  
  172  10:26  Baneling x5  
  166  10:28  Zergling x2  
  166  10:29  Zergling x32  
  166  10:31  Baneling x3  
  170  10:44  Zergling x8  
  166  10:52  Zergling x2  
  166  10:55  Zergling x20  
  151  10:58  Zerg Flyer Armor Level 1  
  151  11:03  Mutalisk x3  
  147  11:07  Zergling x12  
  147  11:10  Baneling x6  
  154  11:13  Drone  
  154  11:14  Drone x3  
  154  11:16  Extractor  
  154  11:17  Extractor, Drone x2  
  158  11:22  Infestation Pit, Overlord  
  158  11:23  Mutalisk  
  159  11:28  Zergling x14  
  166  11:38  Mutalisk x2  
  168  11:46  Drone x2  
  170  11:47  Drone x2  
  170  11:48  Zergling x26  
  170  11:53  Baneling  
  170  11:54  Baneling x11  
  185  11:56  Zergling x2  
  185  11:57  Zergling x8  
  185  11:58  Baneling x4  
  190  12:04  Overlord  
  190  12:05  Zergling x16  
  190  12:06  Baneling x6  
  196  12:17  Mutalisk  
  196  12:22  Overlord  
  198  12:30  Baneling x11  
  198  12:44  Overlord  
Show
View Real Time Build Order
Export as new Build Order

Optimus Terran 

Build Orders: Hellion Banshee, MMM Bio 

Get SALT Encoding   

  12  0:00  SCV  
  13  0:12  SCV  
  14  0:17  Supply Depot  
  14  0:24  SCV  
  15  0:38  SCV  
  15  0:39  Barracks  
  16  0:44  Refinery  
  16  0:50  SCV  
  17  1:03  SCV  
  18  1:15  SCV  
  19  1:25  Marine  
  19  1:27  Orbital Command  
  20  1:40  Command Center  
  20  1:43  Marine  
  21  1:54  Factory  
  21  1:57  SCV  
  22  2:05  Barracks Reactor  
  22  2:06  Supply Depot  
  22  2:09  SCV  
  23  2:15  Refinery  
  23  2:28  SCV  
  24  2:40  SCV  
  24  2:42  Starport  
  25  2:46  Hellion x2  
  25  2:48  Marine  
  30  2:52  Orbital Command  
  30  2:54  SCV  
  31  3:06  Barracks Tech Lab, SCV  
  31  3:11  Hellion  
  36  3:12  Hellion  
  36  3:18  SCV x2  
  38  3:24  Supply Depot  
  38  3:29  Cloaking Field  
  38  3:34  Banshee  
  41  3:41  SCV  
  41  3:44  Hellion x2  
  46  3:49  Supply Depot, SCV  
  46  3:53  SCV  
  46  3:55  Marine  
  49  4:01  SCV  
  50  4:04  Armory  
  50  4:09  Hellion x2  
  54  4:13  Supply Depot  
  54  4:14  SCV  
  54  4:16  SCV  
  56  4:22  Banshee  
  59  4:34  Command Center  
  59  4:37  Barracks Tech Lab  
  59  4:38  Supply Depot, SCV  
  60  4:50  Factory Reactor  
  60  4:52  SCV, Barracks  
  61  4:53  Barracks  
  61  4:54  SCV  
  62  5:06  SCV  
  59  5:09  SCV  
  52  5:18  SCV  
  49  5:21  Marine, SCV  
  49  5:26  Engineering Bay x2  
  49  5:27  Stimpack  
  51  5:30  SCV  
  49  5:38  SCV  
  49  5:39  Marine  
  47  5:42  SCV  
  47  5:47  Orbital Command  
  40  5:53  Marine x3  
  40  5:54  Marine  
  44  6:01  Starport Reactor  
  44  6:09  Supply Depot, Bunker  
  41  6:12  Terran Infantry Weapons Level 1  
  41  6:13  Terran Infantry Armor Level 1  
  41  6:17  Orbital Command  
  41  6:18  Marine x2, Factory Reactor  
  41  6:20  SCV  
  41  6:21  SCV  
  41  6:22  Marine  
  41  6:23  Marine  
  47  6:30  Barracks  
  47  6:37  Barracks  
  47  6:39  Medivac x2  
  51  6:41  Marine x2  
  51  6:44  Supply Depot  
  51  6:45  SCV x3  
  56  6:49  Refinery  
  56  6:51  Marine  
  56  6:52  Marine x2  
  59  6:56  Widow Mine  
  59  6:57  Widow Mine, SCV  
  59  6:58  SCV  
  59  6:59  Marine  
  59  7:00  Marine  
  59  7:01  SCV  
  68  7:07  Armory  
  68  7:09  Marine, SCV  
  68  7:10  Marine x2  
  72  7:16  SCV x2  
  72  7:17  Marine  
  72  7:21  SCV  
  76  7:24  Marine  
  76  7:25  Barracks Reactor  
  76  7:27  Marine  
  76  7:28  SCV x2  
  76  7:29  Marine  
  80  7:30  Marine  
  80  7:33  Combat Shields, SCV, Factory Reactor  
  80  7:35  Marine  
  80  7:36  Marine  
  85  7:40  SCV  
  86  7:44  Barracks  
  86  7:45  Barracks  
  86  7:46  Medivac  
  86  7:47  Barracks  
  87  7:52  Marine x4  
  87  7:53  SCV x2  
  87  7:54  Medivac  
  93  7:58  Marine  
  93  7:59  Marine x2  
  93  8:00  Refinery  
  93  8:03  Supply Depot  
  93  8:04  Refinery  
  96  8:09  Marine x2  
  96  8:10  Marine x4  
  102  8:18  Terran Infantry Weapons Level 2, Terran Infantry Armor Level 2  
  102  8:19  Marine  
  102  8:29  Marine x7  
  108  8:36  Barracks Tech Lab, Barracks Reactor  
  108  8:37  Barracks Reactor  
  108  8:39  Marine x2  
  110  8:43  SCV x2  
  110  8:44  Bunker, SCV  
  110  8:46  Supply Depot, Widow Mine x2  
  117  8:58  Supply Depot  
  117  9:00  Supply Depot  
  117  9:08  Marine x6, Marauder  
  125  9:15  Marine  
  125  9:16  Marine, Medivac  
  124  9:19  Widow Mine x2  
  124  9:20  Marauder, Medivac  
  124  9:22  Marine  
  124  9:23  Concussive Shells  
  133  9:29  Supply Depot, Marauder  
  133  9:30  Supply Depot  
  131  9:42  Marine x8, Marauder  
  139  9:51  Marauder  
  139  9:54  Marine x4  
  139  9:58  Medivac  
  85  10:00  Medivac  
  145  10:02  Unknown x3  
  145  10:03  Marauder  
  145  10:05  Supply Depot, Marine x2  
  151  10:12  Marauder  
  146  10:27  Marauder  
  146  10:28  Medivac  
  146  10:29  Medivac  
  146  10:33  Marine x2  
  146  10:34  Marauder  
  152  10:37  Command Center  
  152  10:39  Marine  
  152  10:40  Marine x6, Factory  
  152  10:41  Marine  
  124  10:55  Marine x4  
  101  10:57  Marine x3  
  101  10:58  Marine x4  
  97  11:08  Widow Mine  
  97  11:10  Widow Mine  
  96  11:14  Marine x3  
  99  11:19  Marauder  
  99  11:21  Marauder  
  103  11:26  Marine x4  
  105  11:36  Marine  
  105  11:37  Marine x6  
  105  11:38  Widow Mine  
  113  11:42  Marine x2  
  113  11:45  Widow Mine  
  117  11:52  Marine x5  
  122  11:59  Marine x2  
  124  12:07  Widow Mine  
  126  12:10  Medivac x2  
  126  12:15  Missile Turret  
  128  12:19  Marine x2, Marauder x2  
  128  12:20  Orbital Command  
  126  12:28  Marine x4  
  126  12:29  Marine  
  131  12:31  Widow Mine  
  133  12:41  Marauder  

Tags
 
Add a new tag
Caveats
  • Supply blocks, unpowered buildings, or Contaminate may cause inaccurate times.
  • Supply counts are checked every 10 seconds.